Cogmind - Beta 11.1 @@@ ROGUE MODE // 2022.09.12 @ 13:00:04 Player: ILikeMonsters1890 Result: Destroyed by S-10 Pest with Light Assault Rifle Performance ------------- Evolutions (0) 0 Regions Visited (2) 400 Robots Destroyed (22) 110 Value Destroyed (280) 280 Prototype IDs (0) 0 Alien Tech Used (0) 0 Bonus (0) 0 TOTAL SCORE: 790 Bonus ------- None Cogmind --------- Core Integrity 0/250 Matter 300/300 Energy 120/125 System Corruption 0% Temperature Cool (0) Movement Hovering (56) Location -10/Mines Parts ------- > --- POWER (1) -------- Light Ion Engine > --- PROPULSION (2) --- Hover Unit Improved Hover Unit > --- UTILITY (2) ------ Small Storage Unit > --- WEAPON (2) ------- Hammer > --- INVENTORY (8) ---- Light Ion Engine Light Ion Engine Wheel Flight Unit Flight Unit Flight Unit Light Assault Rifle Light Assault Rifle Peak State ------------ > --- POWER ------------ Light Ion Engine > --- PROPULSION ------- Improved Hover Unit Improved Hover Unit > --- UTILITY ---------- Small Storage Unit Seismic Detector > --- WEAPON ----------- Hammer Hammer > --- INVENTORY -------- Light Ion Engine Wheel Wheel Improved Hover Unit Improved Hover Unit Hardened Light Armor Plating Grenade Launcher [Rating: 10] Favorites ----------- Power Light Ion Engine Engine Light Ion Engine Propulsion Wheel Wheel Wheel Hover Unit Improved Hover Unit Utility Small Storage Unit Device Seismic Detector Storage Small Storage Unit Protection Hardened Light Armor Plating Weapon Hammer Energy Gun Small Laser Ballistic Gun Light Assault Rifle Launcher Grenade Launcher Impact Weapon Hammer Build | -11 -10 -10 ------- Run | Scr Mat Min Slots Evolved . | . . . Power . | . . . Propulsion . | . . . Utility . | . . . Weapon . | . . . Parts Attached 22 | 10 5 7 Power 4 | 2 1 1 Engine 4 | 2 1 1 Core . | . . . Reactor . | . . . Propulsion 8 | 3 2 3 Treads . | . . . Leg . | . . . Wheel 3 | 3 . . Hover 5 | . 2 3 Flight . | . . . Utility 3 | 2 . 1 Device 1 | 1 . . Storage 1 | 1 . . Processor . | . . . Hackware . | . . . Protection 1 | . . 1 Artifact . | . . . Weapon 7 | 3 2 2 Energy Gun 2 | 2 . . Energy Cannon . | . . . Ballistic Gun 1 | 1 . . Ballistic Cannon . | . . . Launcher 1 | . . 1 Special Weapon . | . . . Impact Weapon 3 | . 2 1 Slashing Weapon . | . . . Piercing Weapon . | . . . Special Melee Weapon . | . . . Unidentified Prototypes . | . . . Parts Lost 8 | . . 8 Power 1 | . . 1 Propulsion 3 | . . 3 Utility 2 | . . 2 Weapon 2 | . . 2 Highest Loss Streak 6 | . . 6 To Critical Strikes . | . . . Average Slot Usage (%) 97 | . 100 96 Engine 13 | . 14 13 Wheel 7 | . 22 . Hover 19 | . 5 26 Device 5 | . 14 . Storage 14 | . 14 14 Protection 8 | . . 12 Launcher 8 | . . 12 Impact Weapon 18 | . 24 14 Naked Turns . | . . . Heaviest Build 18 | 13 15 18 Greatest Support 26 | 26 20 14 Greatest Overweight (x) 1 | . . 1 Average Overweight (x) . | . . . Largest Inventory Capacity 8 | 8 8 8 Average Capacity 7 | 7 8 8 Most Carried 8 | 8 8 8 Average Carried 5 | 4 7 4 Final Capacity 8 | 8 8 8 Final Carried 8 | 8 7 8 Class Distribution -------------------- 100% | Mutant Dominant Class ---------------- Mutant | -10/Materials Mutant | -10/Mines Resources | -11 -10 -10 ----------- Run | Scr Mat Min Matter Collected 510 | 320 50 140 Remotely . | . . . Salvage Created 567 | 187 230 150 Parts 40 | 19 13 8 Haulers Intercepted . | . . . Recyclers Shooed . | . . . Parts Field Recycled . | . . . Retrieved Matter . | . . . Parts Self-Destructed . | . . . Prevented . | . . . Kills | -11 -10 -10 ------- Run | Scr Mat Min Combat Hostiles Destroyed 28 | . 6 22 Melee 9 | . 4 5 AOE 16 | . . 16 Classes Destroyed 8 | 3 4 1 Worker 5 | 2 . 3 Tunneler 4 | 4 . . Recycler 1 | 1 . . Operator 1 | . 1 . Watcher 1 | . 1 . Swarmer 6 | . 2 4 Grunt 4 | . 4 . Assembled 18 | . . 18 Best Kill Streak 21 | 3 4 21 Combat Bots Only 19 | . 4 19 Max Kills in Single Turn 5 | 1 1 5 Gunslinging . | . . . Exploded 4 | . . 4 Melee 1 | . 1 1 Uniques/NPCs Destroyed . | . . . Combat | -11 -10 -10 -------- Run | Scr Mat Min Damage Taken 1054 | . 264 790 Core 252 | . 60 192 Absorbed by Shields . | . . . Core Remaining (%) 100 | 100 . . Volleys Fired 28 | 20 . 8 Largest 2 | 2 . 1 Hottest 60 | 60 . 30 Shots Fired 48 | 40 . 8 Gun 40 | 40 . . Cannon . | . . . Launcher 8 | . . 8 Special . | . . . Kinetic 20 | 20 . . Thermal 18 | 18 . . Explosive 8 | . . 8 Electromagnetic 2 | 2 . . Robot Hit Streak 4 | 4 . 4 Robot Miss Streak 6 | 6 . 3 Penetration Max . | . . . Secondary Targets . | . . . Shots Hit Robots 53 | 19 18 16 Core Hits 45 | 10 5 30 Critical Kills 1 | . 1 . Critical Parts Destroyed 8 | . 3 5 Critical Strikes 9 | . 4 5 Smash 9 | . 4 5 Melee Attacks 45 | . 27 18 Impact 45 | . 27 18 Slashing . | . . . Piercing . | . . . Sneak Attacks 6 | . 2 4 Combat Hostiles 2 | . 1 1 Follow-up Attacks 5 | . 4 1 Damage Inflicted 2118 | 198 532 1388 Guns 198 | 198 . . Cannons . | . . . Explosions 929 | . . 929 Melee 991 | . 532 459 Ramming . | . . . Kinetic 59 | 59 . . Thermal 109 | 109 . . Explosive 929 | . . 929 Electromagnetic 30 | 30 . . Impact 991 | . 532 459 Slashing . | . . . Piercing . | . . . Highest Corruption . | . . . Average Corruption . | . . . Corruption Purged . | . . . Corruption Blocked . | . . . Overload Shots . | . . . Overflow Damage 324 | . 84 240 Projectiles . | . . . Explosions 20 | . . 20 Melee 304 | . 84 220 Knockbacks 5 | . 3 2 Impact 5 | . 3 2 Kinetic . | . . . Secondary . | . . . Self-Inflicted Damage 189 | . . 189 Shots 6 | . . 6 Rammed . | . . . Targets Rammed . | . . . Kicked . | . . . Crushed . | . . . Highest Temperature 52 | 40 . 52 Average Temperature 18 | 19 . 18 Received Heat Transfer 154 | . 54 100 Siege Activations . | . . . Robots Corrupted . | . . . Combat Hostiles . | . . . Parts Fried 9 | . 5 4 Impact Corruptions 12 | . 5 7 Robots Melted . | . . . Combat Hostiles . | . . . Parts Melted . | . . . Heat Transferred 250 | 250 . . Parts Sabotaged . | . . . Parts Stolen . | . . . Parts Stripped . | . . . Power Chain Reactions . | . . . Missiles Intercepted . | . . . Alert | -11 -10 -10 ------- Run | Scr Mat Min Peak Influence 260 | 35 206 260 Initial 79 | . 22 79 Average 97 | 15 94 136 Maximum Alert Level 1 | . 1 1 Low Security (%) 88 | 100 96 77 Level 1 11 | . 3 22 Level 2 . | . . . Level 3 . | . . . Level 4 . | . . . Level 5 . | . . . High Security . | . . . Max Security . | . . . Squads Dispatched 1 | . 1 . Investigation . | . . . Extermination . | . . . Reinforcement 1 | . 1 . Assault . | . . . Garrison . | . . . Intercept . | . . . Searches Triggered . | . . . Construction Impeded . | . . . Haulers Reinforced . | . . . Active Scanning Responses . | . . . Cargo Convoy Interrupts . | . . . Stealth | -11 -10 -10 --------- Run | Scr Mat Min Distress Signals . | . . . Communications Jammed . | . . . Distress Signals . | . . . Times Spotted 39 | . 10 29 Peak Tracking Total 19 | . 4 19 Tactical Retreats 1 | . . 1 Traps | -11 -10 -10 ------- Run | Scr Mat Min Traps Triggered . | . . . Indirectly . | . . . Trap Hack Attempts . | . . . Triggered . | . . . Disarmed . | . . . Reprogrammed . | . . . Reused . | . . . Traps Extracted . | . . . Installed . | . . . Triggered . | . . . Machines | -11 -10 -10 ---------- Run | Scr Mat Min Machines Disabled . | . . . Max in Single Turn . | . . . Machines Sabotaged . | . . . Garrisons Compromised . | . . . Overloaded Fab Kills . | . . . Hacking | -11 -10 -10 --------- Run | Scr Mat Min Machines Accessed 2 | . 2 . Terminals 2 | . 2 . Fabricators . | . . . Repair Stations . | . . . Recycling Units . | . . . Scanalyzers . | . . . Garrison Access . | . . . Total Hacks 5 | . 5 . Successful 2 | . 2 . Failed 3 | . 3 . Catastrophic 1 | . 1 . Database Lockouts . | . . . Manual 1 | . 1 . Terminals 5 | . 5 . Fabricators . | . . . Repair Stations . | . . . Recycling Units . | . . . Scanalyzers . | . . . Garrison Access . | . . . Terminal Hacks 2 | . 2 . Locate Traps 1 | . 1 . Registered Components 1 | . 1 . Fabricator Hacks . | . . . Repair Station Hacks . | . . . Recycling Unit Hacks . | . . . Scanalyzer . | . . . Garrison Access Hacks . | . . . Unauthorized Hacks . | . . . Terminals . | . . . Fabricators . | . . . Repair Stations . | . . . Recycling Units . | . . . Scanalyzers . | . . . Garrison Access . | . . . Data Cores Recovered . | . . . Used . | . . . Hacking Detections 2 | . 2 . Full Trace Events . | . . . Feedback Events . | . . . Feedback Blocked . | . . . Robot Schematics Acquired . | . . . Robots Built . | . . . Authchips . | . . . Time . | . . . Total Robot Build Rating . | . . . Part Schematics Acquired . | . . . Parts Built . | . . . Authchips . | . . . Time . | . . . Total Part Build Rating . | . . . Parts Repaired . | . . . Time . | . . . Parts Recycled . | . . . Recycled Matter . | . . . Retrieved Matter . | . . . Retrieved Components . | . . . Parts Scanalyzed . | . . . Part Schematics Acquired . | . . . Parts Damaged . | . . . Bothacking | -11 -10 -10 ------------ Run | Scr Mat Min Used RIF Installer . | . . . Robots Hacked . | . . . Non-combat . | . . . Combat . | . . . Robot Hacks Applied . | . . . Relay Couplers Released . | . . . Fabnet Peak Effective % . | . . . Robots Rewired . | . . . Allies Hacked . | . . . Hacks Repelled . | . . . Allies | -11 -10 -10 -------- Run | Scr Mat Min Total Allies . | . . . Largest Group . | . . . Highest-Rated Group . | . . . Highest-Rated Ally . | . . . Total Orders . | . . . Ally Attacks . | . . . Total Damage . | . . . Kills . | . . . Allies Corrupted . | . . . Allies Melted . | . . . Intel | -11 -10 -10 ------- Run | Scr Mat Min Robot Analysis Total . | . . . Derelict Logs Recovered 1 | . . 1 Drone Launches . | . . . Drone Recoveries . | . . . Exploration | -11 -10 -10 ------------- Run | Scr Mat Min Turns Passed 884 | 203 238 443 Spaces Moved 641 | 141 174 326 Core 17 | 17 . . Treads . | . . . Legs . | . . . Wheels 236 | 124 112 . Hover 388 | . 62 326 Flight . | . . . Fastest Speed 50 | 50 56 56 Average Speed 95 | 84 71 113 Slowest Speed 116 | 90 80 116 Overloaded Moves . | . . . Propulsion Burnouts . | . . . Robots Hopped . | . . . Cave-ins Triggered . | . . . Exploration Rate (%) 27 | 5 27 51 Regions Visited 2 Branch Regions 1 Pre-discovered Areas 1 | . . 1 Known Exits Taken . | . . . Unknown Exits Taken 2 | 1 1 . Scrap Searched 1 | . . 1 Spaces Dug . | . . . Terrain Destroyed 74 | . . 74 Melee . | . . . Projectile . | . . . AOE 74 | . . 74 Terrain Rammed . | . . . Walls Destroyed . | . . . Machines Disabled . | . . . Actions | -11 -10 -10 --------- Run | Scr Mat Min Total 803 | 187 251 365 Wait 29 | . 29 . Move 639 | 140 173 326 Hop . | . . . Pick Up 35 | 16 11 8 Fast Attach . | . . . Attach 13 | 7 . 6 Detach . | . . . Swap 9 | 3 5 1 Drop 14 | 1 12 1 Fire 28 | 20 . 8 Melee 36 | . 21 15 Ram . | . . . Kick . | . . . Crush . | . . . Escape Stasis . | . . . Rewire . | . . . Trap . | . . . Miscellaneous . | . . . Route ------- -11/Scrapyard -10/Materials -10/Mines History --------- Turn | Location | Event 29 | -11/Scrapyard | Discovered new exit (range 15) 204 | -11/Scrapyard | Entered Materials 310 | -10/Materials | Build established: Mutant 415 | -10/Materials | Discovered new exit (range 10) 442 | -10/Materials | Entered Mines 443 | -10/Mines | Assembled infested the area 467 | -10/Mines | Core integrity fell below 50% 489 | -10/Mines | Core integrity fell below 20% 512 | -10/Mines | Destroyed 19 combat bots 516 | -10/Mines | Lost 6 parts (1p3n1u1w) 796 | -10/Mines | Learned location of Zion (-7) 885 | -10/Mines | Destroyed by S-10 Pest with Light Assault Rifle Last Messages --------------- 00753_ Acquired 10 matter. 00755_ The unstable cave ceiling collapses. 00755_ Acquired Flight Unit. 00759_ Acquired 22 matter. 00764_ U-05 Engineer lays Concrete. 00765_ Acquired Lgt. Ion Engine. 00765_ U-05 Engineer lays Concrete. 00767_ Acquired Lgt. Assault Rifle. 00767_ R-06 Scavenger collects Lgt. Ion Engine. 00768_ U-05 Engineer lays Concrete. 00774_ U-05 Engineer builds a Wall. 00774_ U-05 Engineer lays Concrete. 00796_ Acquired derelict log, extracted data. World map updated: -7/Zion. 00858_ Sneak attack on T-07 Excavator. 00858_ Destroyed Wheel. 00858_ T-07 Excavator system corrupted by crushing effect. 00858_ T-07 Excavator knocked back. 00881_ Hrd. Light Armor Plating destroyed. 00883_ Grenade Launcher destroyed. Map ----- +----------------------------------------------------+ | ??????????????????????????????????????????????? | | ??????????????????????????????????????????????? | | ??????????????????????????????????????????????? | | ??????????????????????????????????????????????? | | ??????????????????????????????????????????????? | | ??????????????????????????????????????????????? | | ??????????????????????????????????????????????? | | ??????????????????????????????????????????????? | | ??????????????????????????????????????????????? | | ??????????????????????????????????????????????? | | ??????????????????????????????????????????????? | | ??????????????????????????????????????????????? | | ?????????????????????##???????????????????????? | | ????????????????????? ??????????????????????? | | ????????????????????? ??????????????????????? | | ????????????????????? "?????????????????????? | | ????????????????????? s"?????????????????????? | | ?????????????????????? "?????????????????????? | | ??????????????????????? "?????????????????????? | | ??????????????????????? s?????????????????????? | | ???????????????????????#s#????????????????????? | | ???????????????????????# ###??????????????????? | | ???????????????????????# ???????????????????? | | ???????????????????????# s ???????????????????? | | ???????????????????????#s #???????????????????? | | ???????????????????????# @#???????????????????? | | ???????????????????????# #???????????????????? | | #####??????????????????# #???????????????????? | | #??# ############### ##??????????????????? | | ## #??# ##?????????????????? | | ?# #??##### ####### ### #?????????????????? | | ?# ###????# #?????# #?# #?????????????????? | | ## ##???# #?????# #?# ##????????????????? | | # #???# #?????# #?# ##???#???????????? | | ## ##### #?????# ### ### #???????????? | | ?## #?????# ## k #???????????? | | ??# #######?????# ## k ####???????????? | | ??# ##???????????# ## ##??????????????? | | ??# #????????????# ##???????????????? | | ??# ##????????????##### ######????????????? | | ??####?????????????????# #????????????? | | ???????????????????????## #????????????? | | ????????????????????????# #### #????????????? | | ????????????#??????????## #??? #????????????? | | ????????#### ?????????## #????#????????????? | | ???????## ??????#### ##?????????????????? | | ???????? ?????## ##??????????????????? | | ????????? #????## ###???????????????????? | | #????????? #????# ###?????????????????????? | | ###???????# #????# %##???????????????????????? | +----------------------------------------------------+ Best States ------------- Heat Dissipation 25 Energy Generation 10 Energy Capacity 250 Matter Stores 300 Matter Capacity 300 Sight Range 16 Terrain Scan Density 10 Armor Coverage 150 Evasion (%) 53 Item Schematics ----------------- None Robot Schematics ------------------ None Fabricated ------------ Nothing Alien Tech Used ----------------- None Achievements -------------- Exterminator Challenges ------------ None Game ------ Seed TargetingActiveWarhead Manual? 0 Play Time 00:10:38 Cumulative 59.5 hours Start 2022.09.12 @ 12:49:28 End 2022.09.12 @ 13:00:04 Sessions 1 Manual Loads 0 Difficulty Rogue Special Mode None Game No. 67 Rogue 67 Adventurer 0 Explorer 0 Win Type - Total 0 Types 0/0/0/0/0/0/0/0/0 Lore% 51 Gallery% 40 Achievement% 34 Wizard Run 0 Options --------- ASCII 0 Keyboard 0 Movement Numpad Keybinds 0 Fullscreen 2 Font 18/SmallcapsGlow Map View 76x50 Tactical HUD 1 Map Filters NONE Filters NONE Steam 1 RUN: 6d345ecd-e40c-4d1f-869b-3133a2f2a587